 Dungeon Crawl Stone Soup version 0.26-a0-8-gc4d20be10f (webtiles) character file.

Game seed: 7295198076006183105, levelgen mode: deterministic

1398 Error4North the Chopper (level 8, -1/106 HPs)
             Began as a Hill Orc Fighter on May 22, 2020.
             Slain by an orc warrior
             ... wielding a +0 dire flail
              (16 damage)
             ... on level 6 of the Dungeon on May 24, 2020.
             The game lasted 00:14:04 (4601 turns).

Error4North the Chopper (Hill Orc Fighter)          Turns: 4601, Time: 00:14:05

Health: -1/106     AC: 24    Str: 21    XL:     8   Next: 69%
Magic:  8/8        EV:  2    Int:  8    God:
Gold:   219        SH:  0    Dex: 10    Spells: 7/7 levels left

rFire    . . .     SeeInvis .   i - +1 hand axe (freeze)
rCold    . . .     Gourm    .   c - +0 kite shield
rNeg     + + +     Faith    .   (armour currently unavailable)
rPois    +         Spirit   .   (helmet currently unavailable)
rElec    .         Reflect  .   (cloak currently unavailable)
rCorr    .         Harm     .   (gloves currently unavailable)
MR       .....     NoTele   +   (boots currently unavailable)
Stlth    +.........             a - amulet of regeneration
HPRegen  0.67/turn              (no ring)
MPRegen  0.11/turn              (no ring)

@: confused, tree-form
A: no striking features
a: no special abilities


You were on level 6 of the Dungeon.
You were not hungry.
You were a tree.
You visited 2 branches of the dungeon, and saw 7 of its levels.

You collected 219 gold pieces.

Inventory:

Hand Weapons
 i - a +1 hand axe of freezing (weapon)
Missiles
 u - 13 boomerangs (quivered)
Armour
 b - a +0 scale mail (melded)
 c - a +0 kite shield (worn)
 q - a +0 cloak (melded)
 y - a +0 pair of gloves (melded)
Jewellery
 a - an amulet of regeneration (around neck)
Wands
 C - a wand of acid (10)
Scrolls
 h - 15 scrolls of identify
 k - a scroll of immolation {unknown}
 m - 2 scrolls of noise {unknown}
 n - 4 scrolls of remove curse {unknown}
 p - 2 scrolls of blinking {unknown}
 r - 2 scrolls of teleportation {unknown}
 w - a scroll of brand weapon {unknown}
 x - a scroll of fog {unknown}
 z - a scroll of magic mapping {unknown}
 A - a scroll of torment {unknown}
Potions
 d - a potion of might
 e - a potion of lignification
 j - a potion of heal wounds {unknown}
 l - 3 potions of flight {unknown}
 o - a potion of haste {unknown}
 s - a potion of curing {unknown}
 t - a potion of mutation {unknown}
 v - a potion of invisibility {unknown}
Comestibles
 f - 15 rations


   Skills:
 * Level 6.5 Fighting
 + Level 7.1 Axes
 * Level 6.3 Armour
 + Level 1.7 Dodging
 + Level 0.3 Stealth
 * Level 6.8 Shields


You had 7 spell levels left.
You didn't know any spells.
Your spell library contained the following spells:

 Spells                   Type           Power        Failure   Level  Hunger
 Animate Skeleton         Necr           N/A          77%         1    ##.....
 Apportation              Tloc           #.....       77%         1    ##.....
 Corona                   Hex            #......      77%         1    ##.....
 Summon Small Mammal      Summ           #...         77%         1    ##.....


Dungeon Overview and Level Annotations

Branches:
Dungeon (6/15)             Temple (1/1) D:4

Altars:
Ashenzari
Dithmenos
Elyvilon
Fedhas
Gozag
Hepliaklqana
Makhleb
Ru
Sif Muna
Trog
Yredelemnul
Zin
The Shining One


Message History

* * * LOW HITPOINT WARNING * * *
You hit the orc warrior but do no damage.
The orc warrior is severely wounded.
You hit the crimson imp but do no damage.
The crimson imp blinks!
The orc warrior barely misses you.
You hit the orc warrior but do no damage.
The orc warrior is severely wounded.
You block the orc warrior's attack.
It was a potion of lignification.
You turn into a tree.
Your +0 cloak melds into your body.
Your +0 pair of gloves melds into your body.
Your +0 scale mail melds into your body.
Your roots penetrate the ground.
The orc warrior hits you with a +0 dire flail!
* * * LOW HITPOINT WARNING * * *
It was a potion of ambrosia.
You are confused.
You feel invigorated.
The orc warrior hits you with a +0 dire flail!
You die...

.$.....
###
.....[.
..#
....... [.
....... .#
.......#.#
#<.# #5##
#o# #♣#
#..§..|#
#...####
#..# #..
... .#.
....


You could see an orc warrior and a crimson imp.

Vanquished Creatures
  Eustachio (D:5)
  A phantom (D:5)
  A sky beast (D:5)
  An ogre (D:3)
  5 scorpions
  A centaur skeleton (D:4)
  2 hounds (D:5)
  6 orc priests
  2 orc wizards
  A bullfrog skeleton (D:5)
  Natasha (thrice) (D:3)
  A worker ant (D:5)
  A hound skeleton (D:5)
  Robin (D:2)
  7 gnolls (D:5)
  8 adders
  2 shadow imps (D:5)
  2 worms
  2 adder skeletons (D:5)
  5 leopard geckos
  21 orcs
  A ball python (D:2)
  2 giant cockroaches
  14 goblins
  8 hobgoblins
  4 jackals (D:2)
  A quokka (D:4)
  A ball python skeleton (D:3)
  10 bats
  3 frilled lizards
  6 kobolds
  A leopard gecko skeleton (D:4)
  3 rats
  2 fungi (D:4)
130 creatures vanquished.

Vanquished Creatures (others)
  A fungus (D:4)
1 creature vanquished.

Grand Total: 131 creatures vanquished

Notes
Turn   | Place    | Note
-------+----------+-------------------------------------------
     0 | D:1      | Error4North the Hill Orc Fighter began the quest for the
                  | Orb.
     0 | D:1      | Reached XP level 1. HP: 19/19 MP: 1/1
   251 | D:1      | Reached XP level 2. HP: 27/27 MP: 2/2
   468 | D:1      | Reached skill level 3 in Axes
  1023 | D:2      | Reached XP level 3. HP: 33/33 MP: 3/3
  1398 | D:2      | Noticed Robin
  1409 | D:2      | Reached XP level 4. HP: 35/40 MP: 4/4
  1427 | D:2      | Killed Robin
  2094 | D:3      | Noticed Natasha
  2102 | D:3      | Killed Natasha
  2102 | D:3      | Reached XP level 5. HP: 33/47 MP: 5/5
  2113 | D:3      | Noticed Natasha
  2119 | D:3      | Killed Natasha
  2254 | D:3      | Noticed Natasha
  2260 | D:3      | Killed Natasha
  2298 | D:3      | Reached skill level 4 in Axes
  2307 | D:3      | Reached XP level 6. HP: 14/53 MP: 6/6
  2533 | D:3      | Upgraded the game from 0.25-a0-1133-g93ebf739aa to
                  | 0.26-a0-8-gc4d20be10f
  2642 | D:3      | Found a shattered altar of Ashenzari.
  3124 | D:4      | Reached skill level 5 in Shields
  3130 | D:4      | Reached skill level 5 in Fighting
  3130 | D:4      | Reached skill level 1 in Dodging
  3137 | D:4      | Reached skill level 5 in Armour
  3146 | D:4      | Reached skill level 5 in Axes
  3148 | D:4      | Reached XP level 7. HP: 46/61 MP: 7/7
  3175 | D:4      | Found a white marble altar of Elyvilon.
  3175 | D:4      | Found a glowing golden altar of the Shining One.
  3176 | D:4      | Found a glowing silver altar of Zin.
  3397 | D:4      | Found a staircase to the Ecumenical Temple.
  3410 | Temple   | Entered the Ecumenical Temple
  3820 | D:5      | Entered Level 5 of the Dungeon
  4018 | D:5      | Reached skill level 6 in Axes
  4018 | D:5      | Reached XP level 8. HP: 66/70 MP: 8/8
  4409 | D:5      | Noticed Eustachio
  4426 | D:5      | Killed Eustachio
  4426 | D:5      | Reached skill level 7 in Axes
  4601 | D:6      | Slain by an orc warrior

Illustrated notes

Levels and vault maps discovered:
D:1:      grunt_arrival_crossed_arrows, layout_loops_ring
D:2:      layout_basic, first_ration, uniq_robin
D:3:      layout_loops_ring, marbit_many_paths,
          hangedman_abyss_or_decor_lesser_grid, kennysheep_generic_room_6,
          uniq_natasha
D:4:      old_forge, layout_basic, good_gods_temple_1,
          minmay_temple_entry_overgrown
D:5:      layout_rooms, kennysheep_generic_room_2, uniq_eustachio
D:6:      layout_rooms, serial_bayou_pond_e, grunt_gozag_statues, uniq_grinder,
          uniq_crazy_yiuf_cottage
Temple:   nicolae_temple_figure_zero

Skill      XL: |  1  2  3  4  5  6  7  8 |
---------------+-------------------------+-----
Axes           | 3 4 5 6 7 |  7.1
Fighting       | 4 5 6 |  6.5
Shields        | 4 5 6 |  6.8
Armour         | 4 5 6 |  6.3
Dodging        | 1 |  1.7
Stealth        | |  0.3

Action                   |  1- 3 |  4- 6 |  7- 9 || total
-------------------------+-------+-------+-------++-------
Melee: War axe           |    21 |       |       ||    21
       Hand axe          |    71 |   135 |   210 ||   416
  Use: Scroll            |       |     2 |       ||     2
       Potion            |       |       |     3 ||     3
  Eat: Chunk             |     2 |     5 |     5 ||    12
Armor: Scale mail        |    42 |    63 |    89 ||   194
Dodge: Dodged            |    30 |    40 |    70 ||   140
Block: Kite shield       |    44 |    86 |   138 ||   268

Table legend:
 A = Non-vault XP
 B = Vault XP
 C = Vault XP percentage of total XP
 D = Non-vault monster count
 E = Vault monster count
 F = Vault count percentage of total count
                 A         B        C        D         E       F
            +---------+---------+-------+---------+---------+-------
      Total |    1359 |     639 |  32.0 |     101 |      27 |  21.1
            +---------+---------+-------+---------+---------+-------
        D:1 |      25 |       0 |   0.0 |      15 |       0 |   0.0
        D:2 |      66 |      34 |  34.0 |      17 |      11 |  39.3
        D:3 |     279 |      36 |  11.4 |      22 |       2 |   8.3
        D:4 |     121 |     323 |  72.7 |      12 |      11 |  47.8
        D:5 |     780 |     246 |  24.0 |      31 |       3 |   8.8
        D:6 |      88 |       0 |   0.0 |       4 |       0 |   0.0
            +---------+---------+-------+---------+---------+-------
